 Dungeon Sprint DCSS version 0.23.2-1-ga50397a6bc (webtiles) character file.

Game seed: 15559126744465705943

3738 Kobolds4U the Imperceptible (level 9, -7/48 HPs)
             Began as a Spriggan Assassin on May 28, 2019.
             Was an Elder of Okawaru.
             Mangled by a deep troll (17 damage)
             ... in the Dungeon (Sprint I: "Red Sonja").
             The game lasted 00:04:25 (744 turns).

Kobolds4U the Imperceptible (Spriggan Assassin)      Turns: 744, Time: 00:04:25

Health: -7/48      AC:  3    Str:  7    XL:     9   Next: 93%
Magic:  10/10      EV: 32    Int: 12    God:    Okawaru [****..]
Gold:   475        SH:  0    Dex: 21    Spells: 8/8 levels left

rFire    . . .     SeeInvis +   a - +2 dagger
rCold    . . .     Gourm    .   (shield restricted)
rNeg     . . .     Faith    .   c - +0 robe
rPois    .         Spirit   .   (helmet restricted)
rElec    .         Reflect  .   d - +0 cloak
rCorr    .         Harm     .   (gloves unavailable)
MR       +....     NoTele   +   (boots unavailable)
Stlth    +++++++++.             (no amulet)
HPRegen  0.16/turn              (no ring)
MPRegen  0.12/turn              (no ring)

@: hasted, very quick
A: very small, unfitting armour, see invisible, herbivore, speed 3, slow
metabolism 2
a: Heroism, Renounce Religion


You were in the Dungeon.
You worshipped Okawaru.
Okawaru was greatly pleased with you.
You were not hungry.

You visited 1 branch You collected 513 gold pieces.
You spent 38 gold pieces at shops.

Inventory:

Hand Weapons
 a - a +2 dagger (weapon)
 b - a +0 blowgun
 m - a +0 shortbow
Missiles
 e - a poisoned needle
 r - 46 arrows
Armour
 c - a +0 robe (worn)
 d - a +0 cloak (worn)
Wands
 n - a wand of polymorph (6)
 s - a wand of clouds (4)
Scrolls
 p - a scroll of enchant weapon {unknown}
 q - a scroll of fear
Potions
 i - a potion of heal wounds
 k - 2 potions of magic
 l - a potion of berserk rage
 o - a potion of might
Comestibles
 g - a ration


   Skills:
 - Level 6.0 Fighting
 - Level 2.1 Short Blades
 - Level 2.0 Throwing
 + Level 14.1 Dodging
 - Level 26.1 Stealth


You had 8 spell levels left.
You didn't know any spells.
Your spell library was empty.

Dungeon Overview and Level Annotations

Branches:
Dungeon (1/1)

Altars:
Cheibriados
Dithmenos
Elyvilon
Fedhas
Gozag
Hepliaklqana
Kikubaaqudgha
Makhleb
Nemelex Xobeh
Okawaru
Qazlal
Ru
Sif Muna
Trog
Uskayaw
Vehumet
Wu Jian
Xom
Yredelemnul
Zin
The Shining One
Jiyva
Lugonu

Shops:
D ?


Innate Abilities, Weirdness & Mutations

You are very small and have problems with some larger weapons.
You are too small for most types of armour.
You have supernaturally acute eyesight. (SInv)
You are a herbivore.
You cover ground extremely quickly.
You need to consume almost no food.


Message History

The deep troll bites you!
* * * LOW HITPOINT WARNING * * *
The deep troll completely misses you. x2
You hit the deep troll.
The deep troll is heavily wounded.
The deep troll completely misses you. The deep troll misses you.
The deep troll completely misses you.
You hit the deep troll.
The deep troll is severely wounded.
You hit the deep troll but do no damage.
The deep troll is severely wounded.
The deep troll misses you.
The deep troll claws you but does no damage.
The deep troll barely misses you.
You hit the deep troll but do no damage.
The deep troll is heavily wounded.
The deep troll completely misses you. The deep troll claws you.
* * * LOW HITPOINT WARNING * * *
The deep troll claws you!
You die...

###################
#<.#..(.(#.)(..#__#
#..@T(#.)(.(#((+J.+
#..#####'#####'#__##
#.)####..#...#)####§
#..#__####..##(#≈≈§§
#..#_____##'#_.'≈§§§
#⌠⌠#_.∩..÷'..._#§§≈§
####_..__##_.#'##§##
#_____###+#(#§.?[
####### ####'##


You could see a deep troll.

Vanquished Creatures
  2 centaur warriors (D)
  2 unseen horrors (D)
  An oklob plant (D)
  A hornet (D)
  2 redbacks (D)
  Sigmund (D)
  A yak (D)
  An ogre (D)
  A jelly (D)
  Ijyb (D)
13 creatures vanquished.

Notes
Turn   | Place    | Note
-------+----------+-------------------------------------------
     0 | D        | Kobolds4U the Spriggan Assassin began the quest for the
                  | Orb.
     0 | D        | Reached XP level 1. HP: 10/10 MP: 2/2
     1 | D        | Noticed Ijyb
    24 | D        | Killed Ijyb
    24 | D        | Reached skill level 10 in Stealth
    24 | D        | Reached XP level 2. HP: 13/14 MP: 3/3
   145 | D        | Noticed an ogre
   148 | D        | Killed an ogre
   148 | D        | Reached skill level 14 in Stealth
   148 | D        | Reached XP level 3. HP: 18/18 MP: 4/4
   148 | D        | Reached XP level 4. HP: 22/22 MP: 5/5
   158 | D        | Noticed Sigmund
   161 | D        | Killed Sigmund
   161 | D        | Reached skill level 18 in Stealth
   161 | D        | Reached XP level 5. HP: 25/25 MP: 6/6
   173 | D        | Found a burning altar of Makhleb.
   173 | D        | Found a viscous altar of Jiyva.
   173 | D        | Found a shimmering altar of Xom.
   173 | D        | Found a corrupted altar of Lugonu.
   173 | D        | Noticed a slime creature
   366 | D        | Found an ornate altar of the Wu Jian Council.
   366 | D        | Found a deep blue altar of Sif Muna.
   368 | D        | Found a radiant altar of Vehumet.
   372 | D        | Reached XP level 6. HP: 30/30 MP: 7/7
   397 | D        | Found Pitu's Magic Scroll Emporium.
   397 | D        | Found an ancient bone altar of Kikubaaqudgha.
   397 | D        | Found a hazy altar of Hepliaklqana.
   397 | D        | Found a stormy altar of Qazlal.
   397 | D        | Found a hide-covered altar of Uskayaw.
   397 | D        | Found a blossoming altar of Fedhas.
   397 | D        | Found a bloodstained altar of Trog.
   397 | D        | Found an iron altar of Okawaru.
   397 | D        | Found a basalt altar of Yredelemnul.
   397 | D        | Found a glowing golden altar of the Shining One.
   397 | D        | Found a snail-covered altar of Cheibriados.
   397 | D        | Found a sacrificial altar of Ru.
   397 | D        | Found a glowing silver altar of Zin.
   397 | D        | Found a shadowy altar of Dithmenos.
   397 | D        | Found a white marble altar of Elyvilon.
   397 | D        | Noticed a yak
   398 | D        | Found an opulent altar of Gozag.
   399 | D        | Killed a yak
   399 | D        | Reached skill level 20 in Stealth
   400 | D        | Found a sparkling altar of Nemelex Xobeh.
   404 | D        | Bought a scroll of fear for 38 gold pieces
   405 | D        | Became a worshipper of Warmaster Okawaru
   422 | D        | Noticed a centaur warrior
   422 | D        | Noticed a centaur warrior
   423 | D        | Killed a centaur warrior
   423 | D        | Reached * piety under Okawaru
   423 | D        | Reached ** piety under Okawaru
   423 | D        | Reached skill level 24 in Stealth
   423 | D        | Reached XP level 7. HP: 33/33 MP: 8/8
   423 | D        | Reached XP level 8. HP: 37/37 MP: 9/9
   424 | D        | Killed a centaur warrior
   424 | D        | Reached *** piety under Okawaru
   424 | D        | Received a gift from Okawaru
   424 | D        | Reached skill level 26 in Stealth
   438 | D        | Noticed a hornet
   441 | D        | Killed a hornet
   441 | D        | Received a gift from Okawaru
   453 | D        | Noticed an oklob plant
   455 | D        | Killed an oklob plant
   455 | D        | Reached skill level 5 in Fighting
   455 | D        | Reached XP level 9. HP: 47/47 MP: 10/10
   478 | D        | Reached **** piety under Okawaru
   655 | D        | Noticed an unseen horror
   655 | D        | Noticed an unseen horror
   660 | D        | Killed an unseen horror
   662 | D        | Killed an unseen horror
   689 | D        | Noticed a deep troll
   744 | D        | Mangled by a deep troll

Skill      XL: |  1  2  3  4  5  6  7  8  9 |
---------------+----------------------------+-----
Stealth        | 10 14 18 24 26 | 26.1
Fighting       | 5 6 |  6.0
Dodging        | 6 14 | 14.1
Short Blades   | |  2.1
Throwing       | |  2.0

Action                   |  1- 3 |  4- 6 |  7- 9 || total
-------------------------+-------+-------+-------++-------
Melee: Dagger            |     1 |     5 |    24 ||    30
 Fire: Blowgun           |     8 |       |    16 ||    24
       Shortbow          |       |       |     7 ||     7
  Use: Scroll            |       |     1 |       ||     1
       Potion            |       |       |     2 ||     2
 Stab: Sleeping          |     1 |     4 |     5 ||    10
Armor: Robe              |       |       |     2 ||     2
Dodge: Dodged            |       |     1 |    40 ||    41
